 Dungeon Crawl Stone Soup version 0.14.0-12-g87ee3b7 (webtiles) character file.

141 Leibowitz the Cutter (level 4, -4/27 HPs)
             Began as a Kobold Gladiator on Apr 15, 2014.
             Slain by a gnoll
             ... wielding a +0,+0 halberd
              (14 damage)
             ... on Level 2 of the Dungeon.
             The game lasted 00:04:57 (1229 turns).

Leibowitz the Cutter (Kobold Gladiator)             Turns: 1229, Time: 00:04:57

HP  -4/27        AC  4     Str 14      XL: 4   Next: 37%
MP   4/4         EV 15     Int  6      God:
Gold 75          SH  0     Dex 16      Spells:  0 memorised,  3 levels left

rFire  . . .     SeeInvis .     a - +0 cutlass
rCold  . . .     Clarity  .     b - +0 leather armour
rNeg   . . .     Conserve .     (no shield)
rPois  .         rCorr    .     c - +0 helmet
rElec  .         rRot     .     (no cloak)
SustAb . .       Spirit   .     (no gloves)
rMut   .         Warding  .     (no boots)
Saprov + + .     Stasis   .     (no amulet)
MR     .....                    (no ring)
                                (no ring)

@: not resistant to hostile enchantments, unstealthy
A: disease resistance, carnivore 3, saprovore 2
a: no special abilities


You were on level 2 of the Dungeon.
You were very full.

You visited 1 branch of the dungeon, and saw 2 of its levels.

You collected 75 gold pieces.

Inventory:

Hand weapons
 a - a +0,+0 cutlass (weapon)
Missiles
 d - 3 throwing nets (quivered)
 e - 29 poisoned needles
Armour
 b - a +0 leather armour (worn)
 c - a +0 helmet (worn)
Comestibles
 f - a meat ration
 g - a rotting chunk of giant cockroach flesh
Scrolls
 h - a scroll of teleportation {unknown}
 i - a scroll of noise {unknown}
 l - a scroll of recharging {unknown}
 m - a scroll of identify
 p - a scroll of enchant armour {unknown}
 q - a scroll of magic mapping {unknown}
Potions
 k - a potion of agility
 n - a potion of brilliance {unknown}
 o - a potion of restore abilities {unknown}


   Skills:
 * Level 2.7 Fighting
 + Level 4.8 Short Blades
 - Level 2.6 Throwing
 * Level 4.8 Dodging
 * Level 1.1 Stealth


You had 3 spell levels left.
You didn't know any spells.

Dungeon Overview and Level Annotations

Branches:
Dungeon (2/15)

Altars:


Innate Abilities, Weirdness & Mutations

You recuperate from illness quickly.
You are small and have problems with some larger weapons.
You are carnivorous and can eat meat at any time.
You can eat rotten meat.


Message History

You smell something rotten. (slot g) Drink which item? (? for menu, Esc to quit)
You feel better.
The gnoll drinks a potion.
The gnoll is healed!
You hit the gnoll but do no damage.
The gnoll is lightly wounded.
The gnoll barely misses you.
You hit the gnoll.
The gnoll is heavily wounded.
You hit the gnoll.
The gnoll is severely wounded.
The gnoll hits you but does no damage.
You barely miss the gnoll.
The gnoll is severely wounded.
The gnoll hits you with a halberd!
The gnoll drinks a potion.
The gnoll suddenly seems more agile.
You hit the gnoll.
The gnoll is almost dead.
The gnoll hits you with a halberd!
Ouch! That really hurt!
You die...

#.....>......# #.##########.#
#.# #<# ###.##########.####
#.........#.......#####
########.#>#####.#.#####.##...
.........#.# #.# #.##.#
##########.#####.#<# #....#
.....###ggg@...#.# #.##.#
#.......g#######.#####.##.#
.........#.............##.#
.>.................#####.#
................########.#
........#.##.............#
.......#.##.##.########.#
(.....#.##. #.# #.## .###.#
##. #.# #.##


You could see 3 gnolls and a goblin.

Vanquished Creatures
  2 adders (D:2)
  A gnoll (D:2)
  An ooze (D:1)
  3 bats (D:2)
  3 giant cockroaches (D:1)
  4 hobgoblins
  2 jackals (D:2)
  9 kobolds
  A giant newt (D:2)
  6 goblins
  6 rats
38 creatures vanquished.

Notes
Turn   | Place    | Note
--------------------------------------------------------------
     0 | D:1      | Leibowitz, the Kobold Gladiator, began the quest for the Orb.
     0 | D:1      | Reached XP level 1. HP: 12/12 MP: 1/1
   173 | D:1      | Reached XP level 2. HP: 17/17 MP: 2/2
   522 | D:1      | Reached XP level 3. HP: 22/22 MP: 3/3
   905 | D:2      | Reached skill level 1 in Stealth
   905 | D:2      | Reached XP level 4. HP: 24/27 MP: 4/4
  1229 | D:2      | Slain by a gnoll

Action                   |  1- 3 |  4- 6 || total
-------------------------+-------+-------++-------
Melee: Cutlass           |    85 |    52 ||   137
  Use: Scroll            |       |     2 ||     2
       Potion            |       |     1 ||     1
 Stab: Distracted        |     1 |       ||     1
